 Dungeon Crawl Stone Soup version 0.28-a0-519-gbfeecf2fc5 (webtiles) character file.

Game seed: 6091096847404696559

51 Urokeeper the Grave Robber (level 3, -3/24 HPs)
             Began as a Vampire Necromancer on Sept 23, 2021.
             Slain by a worm (10 damage)
             ... on level 3 of the Dungeon.
             The game lasted 00:22:41 (2244 turns).

Urokeeper the Grave Robber (Vampire Necromancer)    Turns: 2244, Time: 00:22:41

Health: -3/24      AC:  4    Str:  7    XL:     3   Next: 58%
Magic:  1/6        EV: 12    Int: 18    God:
Gold:   55         SH:  0    Dex: 14    Spells: 2/7 levels left

rFire   . . .      SeeInvis +   e - staff of earth
rCold   . . .      Faith    +   (no shield)
rNeg    . . .      Spirit   .   a - +1 robe
rPois   .          Reflect  .   (no helmet)
rElec   .          Harm     .   (no cloak)
rCorr   .          Rampage  .   (no gloves)
Will    .....                   d - +0 pair of boots
Stlth   ++........              g - amulet of faith
HPRegen 0.28/turn               (no ring)
MPRegen 0.10/turn               (no ring)

@: healing quickly
A: alive, fangs 3, see invisible, vampiric 2
a: Exsanguinate


You were on level 3 of the Dungeon.
You visited 1 branch of the dungeon, and saw 3 of its levels.

You collected 55 gold pieces.

Inventory:

Hand Weapons
 b - a +0 dagger
Armour
 a - a +1 robe (worn)
 d - a +0 pair of boots (worn)
 h - a +2 buckler
Magical Staves
 e - a staff of earth (weapon)
Jewellery
 g - an amulet of faith (around neck)
Scrolls
 c - a scroll of amnesia {unknown}
 f - a scroll of noise
 i - a scroll of fog {unknown}
 j - 2 scrolls of enchant armour
 k - a scroll of fear {unknown}
 m - a scroll of identify {unknown}
Potions
 l - 2 potions of magic {unknown}


   Skills:
 + Level 0.1 Fighting
 + Level 0.3 Staves
 + Level 2.5 Dodging
 + Level 3.1 Stealth
 + Level 2.6 Spellcasting
 + Level 5.1 Necromancy


You had 2 spell levels left.
You knew the following spells:

 Your Spells              Type           Power      Damage    Failure   Level
a - Pain                  Necr           84%        1d8       1%          1
b - Animate Skeleton      Necr           42%        N/A       1%          1
c - Vampiric Draining     Necr           10%        2d7       6%          3

Your spell library contained the following spells:

 Spells                   Type           Power      Damage    Failure   Level
 Blink                    Tloc           N/A        N/A       26%         2
 Animate Dead             Necr           10%        N/A       21%         4
 Lesser Beckoning         Tloc           2%         N/A       45%         3
 Agony                    Necr           21%        N/A       50%         5
 Manifold Assault         Tloc           2%         N/A       99%         5


Dungeon Overview and Level Annotations

Branches:
Dungeon (3/15)

Altars:
Trog


Innate Abilities, Weirdness & Mutations

Your natural rate of healing is accelerated.
You have razor-sharp teeth.
You have supernaturally acute eyesight. (SInv)
You are afflicted with vampirism and can become a bat while bloodless.


Message History

Aim: a worm (heavily wounded, chance to affect: 86%)
The worm writhes in agony.
Casting: Pain (safe; 1% risk of failure)
Confirm with . or Enter, or press ? or * to list all spells.
Aiming: Pain (safe; 1% risk of failure)
Press: ? - help, Shift-Dir - straight line, f/p - worm
Aim: a worm (heavily wounded, chance to affect: 86%)
The worm writhes in agony.
You hit the worm.
The worm is heavily wounded.
The worm bites you!
You hit the worm.
The worm is heavily wounded.
The worm bites you!
* * * LOW HITPOINT WARNING * * *
You hit the worm but do no damage.
The worm is heavily wounded.
You hit the worm.
The worm is heavily wounded.
The worm bites you but does no damage.
You hit the worm but do no damage.
The worm is heavily wounded.
The worm barely misses you.
You barely miss the worm.
The worm is heavily wounded.
You hit the worm.
The worm is heavily wounded.
The worm barely misses you.
You hit the worm.
The worm is severely wounded.
The worm bites you but does no damage.
You barely miss the worm.
The worm is heavily wounded.
The worm barely misses you.
You hit the worm.
The worm is severely wounded.
You barely miss the worm. You bite the worm.
The worm is severely wounded.
The worm bites you!
You die...

#.. .#
.######.# #..#
.......# ##....
#..#..####.....
#...$.#...#.#
##..........##.
#..............
#@w.........=#
#............#
##.........###
##..<#...##
#...##.#.#
#......#.#
#..##...#.#
#... ###...#
#..#. ##.##


You could see a worm.

Vanquished Creatures
  An adder (D:2)
  A worm (D:2)
  A dart slug (D:1)
  2 ball pythons (D:1)
  3 bats
  5 endoplasms
  2 giant cockroaches (D:1)
  5 goblins
  4 hobgoblins
  2 quokkas
  3 frilled lizards (D:1)
  3 kobolds
  2 rats
34 creatures vanquished.

Notes
Turn   | Place    | Note
-------+----------+-------------------------------------------
     0 | D:1      | Urokeeper the Vampire Necromancer began the quest for the
                  | Orb.
     0 | D:1      | Reached XP level 1. HP: 13/13 MP: 3/3
     2 | D:1      | Learned a level 1 spell: Animate Skeleton
   176 | D:1      | Found a faded altar of an unknown god.
   231 | D:1      | Reached XP level 2. HP: 16/19 MP: 0/5
   976 | D:1      | Reached skill level 5 in Necromancy
  1086 | D:1      | You fall into a shaft and drop 1 floor!
  1524 | D:2      | Gained mutation: You are afflicted with vampirism and can
                  | become a bat while bloodless. [Vampire growth]
  1524 | D:2      | Reached XP level 3. HP: 6/24 MP: 2/6
  1592 | D:2      | Learned a level 3 spell: Vampiric Draining
  1643 | D:2      | Found a bloodstained altar of Trog.
  2244 | D:3      | Slain by a worm

Illustrated notes

Levels and vault maps discovered:
D:1:      dpeg_arrival_ternary, layout_basic, shapermc_ecumenical_altar_venn
D:2:      layout_basic, basic_altar, kennysheep_pointless_box
D:3:      layout_rooms, uniq_crazy_yiuf_cottage, uniq_ijyb

Skill      XL: |  1  2 |
---------------+-------+-----
Necromancy     | 5 |  5.1
Fighting       | |  0.1
Staves         | |  0.3
Dodging        | |  2.5
Stealth        | |  3.1
Spellcasting   | |  2.6

Action                   || total
-------------------------++-------
Melee: Unarmed           ||     3
       Staff             ||    43
       Bite              ||     3
 Cast: Pain              ||    63
       Animate Skeleton  ||     1
       Vampiric Draining ||     1
  Use: Scroll            ||     2
Armor: Robe              ||    10
Dodge: Dodged            ||    28

Table legend: (Time is in decaauts)
 A = Elapsed time spent in this place.
 B = Non-inter-level travel time spent in this place.
 C = Inter-level travel time spent in this place.
 D = Time resting spent in this place.
 E = Time spent auto-exploring this place.
 F = Levels seen in this place.
 G = Mean time per level.
                   A        B        C        D        E       F      G
               +--------+--------+--------+--------+--------+-----+--------+
         Total |   2251 |   2064 |    187 |     93 |   1574 |   3 |  750.3 |
       Dungeon |   2251 |   2064 |    187 |     93 |   1574 |   3 |  750.3 |
               +--------+--------+--------+--------+--------+-----+--------+

Top non-repeatable levels by time:
     D:1: 1458 daAuts
     D:2: 755 daAuts
     D:3: 37 daAuts
